 Dungeon Crawl Stone Soup version 0.30-a0-639-g3916f1956a (webtiles) character file.

Game seed: 13581757753319976958

3412 Mitcholas the Cleaver (level 10, 0/60 HPs)
             Began as a Gargoyle Fighter on Jan 15, 2023.
             Was a Believer of Okawaru.
             Slain by a komodo dragon (16 damage)
             ... on level 8 of the Dungeon.
             The game lasted 00:18:19 (7354 turns).

Mitcholas the Cleaver (Gargoyle Fighter)            Turns: 7354, Time: 00:18:19

Health: 0/60       AC: 22    Str: 25    XL:     10   Next: 4%
Magic:  11/11      EV: 10    Int: 14    God:    Okawaru [**....]
Gold:   145        SH:  5    Dex:  9    Spells: 9/9 levels left

rFire   . . .      SeeInvis .    a - +0 war axe
rCold   . . .      Faith    .    c - +0 buckler
rNeg    + . .      Spirit   .    v - +0 plate armour
rPois   ∞          Reflect  .    (no helmet)
rElec   +          Harm     .    w - +1 cloak of Starlight {*Dazzle EV+4 Stlth--}
rCorr   .          Rampage  .    (no gloves)
Will    .....                    (no boots) Stlth
                                 m - amulet of the acrobat
HPRegen 0.30/turn                l - +6 ring of intelligence
MPRegen 0.12/turn                (no ring)

@: no status effects
A: sickness immunity, AC +7, negative energy resistance 1, electricity
resistance, torment resistance 1, petrification resistance
a: Renounce Religion, Heroism


You were on level 8 of the Dungeon.
You worshipped Okawaru.
Okawaru was pleased with you.
You visited 2 branches of the dungeon, and saw 9 of its levels.

You collected 450 gold pieces.
You spent 305 gold pieces at shops.

Inventory:

Hand Weapons
 a - a +0 war axe (weapon)
Missiles
 x - 8 poisoned darts (quivered)
Armour
 c - a +0 buckler (worn)
 v - a +0 plate armour (worn)
 w - the +1 cloak of Starlight (worn) {*Dazzle EV+4 Stlth--}
   (You bought it in a shop on level 1 of the Dungeon)

   *Dazzle:   It may blind those who miss an attack against the wearer in melee
   combat.
   EV:        It affects your evasion (+4).
   Stlth:     It makes you much less stealthy.
Jewellery
 l - a +6 ring of intelligence (left hand)
 m - an amulet of the acrobat (around neck)
 B - a ring of wizardry
Wands
 u - a wand of flame (8)
Scrolls
 d - a scroll of fog {unknown}
 e - a scroll of vulnerability {unknown}
 f - 2 scrolls of identify
 h - a scroll of enchant armour {unknown}
 j - 3 scrolls of teleportation {unknown}
 o - a scroll of summoning {unknown}
 p - 3 scrolls of blinking {unknown}
 y - a scroll of noise {unknown}
 z - a scroll of immolation
 A - a scroll of magic mapping {unknown}
 C - a scroll of brand weapon {unknown}
 E - a scroll of enchant weapon {unknown}
 F - a scroll of acquirement {unknown}
Potions
 b - 2 potions of curing
 g - 2 potions of brilliance
 i - 3 potions of magic
 k - a potion of heal wounds
 n - 3 potions of haste
 q - a potion of might
 r - a potion of berserk rage
 t - a potion of degeneration


   Skills:
 + Level 5.8 Fighting
 * Level 10.7 Axes
 + Level 5.6 Armour
 + Level 5.7 Shields
 + Level 1.6 Invocations
 + Level 1.3 Evocations


You had 9 spell levels left.
You didn't know any spells.
Your spell library contained the following spells:

 Spells                   Type           Power      Damage    Failure   Level
 Magic Dart               Conj           0%         1d3       99%         1
 Necrotise                Necr           0%         1d4       99%         1
 Blink                    Tloc           0%         N/A       100%        2
 Dazzling Flash           Conj/Hex       0%         N/A       100%        3
 Mephitic Cloud           Conj/Pois/Air  0%         N/A       100%        3
 Vampiric Draining        Necr           0%         2d6       100%        3
 Iskenderun's Mystic Bla  Conj/Tloc      0%         2d3       100%        4
 Manifold Assault         Tloc           0%         N/A       100%        4
 Agony                    Necr           0%         N/A       100%        5
 Borgnjor's Vile Clutch   Necr/Erth      0%         N/A       100%        5
 Starburst                Conj/Fire      0%         6d3       100%        6
 Storm Form               Tmut/Air       0%         N/A       100%        7
 Call Imp                 Summ           Unusable   N/A       N/A         2
 Animate Dead             Necr           Unusable   N/A       N/A         4
 Death Channel            Necr           Unusable   N/A       N/A         6

Dungeon Overview and Level Annotations

Branches:
Dungeon (8/15)             Temple (1/1) D:7
   Lair: D:8-11

Altars:
Ashenzari
Cheibriados
Dithmenos
Elyvilon
Fedhas
Gozag
Hepliaklqana
Kikubaaqudgha
Makhleb
Nemelex Xobeh
Okawaru
Qazlal
Ru
Sif Muna
Trog
Uskayaw
Wu Jian
Xom
Yredelemnul
Zin
The Shining One

Shops:
D:1 [   D:2 =   D:5 !:(:


Innate Abilities, Weirdness & Mutations

You are immune to sickness and miasma.
Your stone body is resilient. (AC +7)
You are immune to poison.
You resist negative energy. (rN+)
You are resistant to electric shocks. (rElec)
You are resistant to unholy torment.
You are immune to petrification.


Message History

The kobold brigand is almost dead.
You slash the komodo dragon!
The kobold brigand hits you with a +0 club.
* * * LOW HITPOINT WARNING * * *
The komodo dragon barely misses you.
The komodo dragon's vision is obscured by starry radiance!
You barely miss the kobold brigand.
The kobold brigand is almost dead.
The kobold brigand hits you but does no damage.
Okay, then.
You feel much better. The kobold brigand barely misses you.
The kobold brigand is temporarily struck blind!
You catch the helpless kobold brigand completely off-guard!
You hit the kobold brigand but do no damage.
The kobold brigand is almost dead.
You closely miss the komodo dragon.
The kobold brigand hits you but does no damage.
The komodo dragon barely misses you.
You closely miss the kobold brigand.
The kobold brigand is almost dead.
You slash the komodo dragon! The kobold brigand barely misses you.
The kobold brigand's sight is seared by the starlight!
The komodo dragon bites you!
* * * LOW HITPOINT WARNING * * *
You barely miss the kobold brigand.
The kobold brigand is almost dead.
You strike the helpless komodo dragon from behind!
You slash the komodo dragon!
You strike the helpless kobold brigand from behind!
You slash the kobold brigand!
You kill the kobold brigand!
Okawaru accepts your kill.
You barely miss the komodo dragon.
The komodo dragon is severely wounded.
The komodo dragon is no longer blind.
The komodo dragon closely misses you.
The komodo dragon is blinded by the light from your cloak!
You hit the komodo dragon.
The komodo dragon is severely wounded.
The komodo dragon bites you!
You die...

##########################
##.### ### #.#...#
..####...#...
######..#.?...... ######
#.#.###..........
.##..####.....)........#
....###........l###.#..#
#....†....###.#.@#
#.###.#.####..#### ###
##### ####


You could see a komodo dragon (blind).

Vanquished Creatures
  Prince Ribbit (D:6)
  Grinder (D:5)
  5 yaks
  2 wyverns (D:8)
  A swamp drake (D:8)
  A sky beast (D:6)
  2 ice beasts
  2 centaurs
  2 kobold brigands
  A bullfrog (D:7)
  A necrophage (D:7)
  2 gnoll sergeants (D:8)
  3 scorpions
  3 killer bees (D:7)
  3 howler monkeys
  An electric eel (D:7)
  A jelly (D:7)
  3 orc priests
  3 hounds
  3 iguanas
  An orc wizard (D:4)
  9 adders
  11 gnolls
  A shadow imp (D:6)
  A white imp (D:7)
  2 worms
  A dart slug (D:2)
  21 orcs
  5 ball pythons
  7 endoplasms
  3 giant cockroaches
  9 goblins
  5 hobgoblins
  8 jackals
  2 quokkas
  6 bats
  3 frilled lizards
  12 kobolds
  5 rats
153 creatures vanquished.

Vanquished Creatures (others)
  13 plants (D:7)
13 creatures vanquished.

Grand Total: 166 creatures vanquished

Notes
Turn   | Place    | Note
-------+----------+-------------------------------------------
     0 | D:1      | Mitcholas the Gargoyle Fighter began the quest for the Orb.
     0 | D:1      | Reached XP level 1. HP: 14/14 MP: 1/1
    94 | D:1      | Reached XP level 2. HP: 18/19 MP: 2/2
   453 | D:1      | Found Orchunoimn's Armour Shop.
   676 | D:1      | Reached XP level 3. HP: 24/24 MP: 3/3
   747 | D:2      | Reached skill level 2 in Axes
   828 | D:2      | Reached XP level 4. HP: 29/29 MP: 4/4
  1110 | D:2      | Found Edeitus's One-of-a-Kind Rings.
  1525 | D:3      | Reached XP level 5. HP: 15/34 MP: 5/5
  3138 | D:4      | Found an opulent altar of Gozag.
  3208 | D:5      | Entered Level 5 of the Dungeon
  3208 | D:5      | Found Edgheog's Book Emporium.
  3255 | D:5      | Noticed a centaur
  3268 | D:5      | Killed a centaur
  3269 | D:5      | Reached XP level 6. HP: 32/40 MP: 6/6
  3313 | D:5      | Found Cis Fueps's Weapon Shoppe.
  3321 | D:5      | Found Hiurauvo's Distillery.
  3332 | D:5      | Reached skill level 5 in Fighting
  3384 | D:5      | Reached skill level 5 in Shields
  3513 | D:5      | Found Vigaz's Book Shop.
  3551 | D:5      | Reached skill level 5 in Armour
  3586 | D:5      | Found an ornate altar of the Wu Jian Council.
  3586 | D:5      | Noticed Grinder
  3632 | D:6      | Noticed a sky beast
  3666 | D:6      | Killed a sky beast
  3667 | D:6      | Reached XP level 7. HP: 37/44 MP: 7/7
  3795 | D:6      | Reached skill level 3 in Axes
  4008 | D:6      | Reached skill level 4 in Axes
  4112 | D:6      | Noticed Prince Ribbit
  4131 | D:6      | Killed Prince Ribbit
  4132 | D:6      | Reached skill level 5 in Axes
  4132 | D:6      | Reached XP level 8. HP: 28/50 MP: 8/8
  4254 | D:6      | Found a hazy altar of Hepliaklqana.
  4816 | D:1      | Bought the +1 cloak of Starlight {*Dazzle EV+4 Stlth--} for
                  | 305 gold pieces
  4816 | D:1      | Found the +1 cloak of Starlight {*Dazzle EV+4 Stlth--}
  4936 | D:5      | Killed Grinder
  4937 | D:5      | Reached skill level 6 in Axes
  5340 | D:7      | Reached skill level 7 in Axes
  5464 | D:7      | Found a glowing golden altar of the Shining One.
  5488 | D:7      | Found a staircase to the Ecumenical Temple.
  5499 | Temple   | Entered the Ecumenical Temple
  5506 | Temple   | Became a worshipper of Warmaster Okawaru
  5586 | D:7      | Found a snail-covered altar of Cheibriados.
  5636 | D:7      | Reached skill level 8 in Axes
  5789 | D:7      | Reached XP level 9. HP: 53/54 MP: 9/9
  5904 | D:7      | Found a stormy altar of Qazlal.
  5906 | D:7      | Found a burning altar of Makhleb.
  5906 | D:7      | Found a radiant altar of Vehumet.
  5909 | D:7      | Found a shimmering altar of Xom.
  5909 | D:7      | Found a shadowy altar of Dithmenos.
  5909 | D:7      | Found a basalt altar of Yredelemnul.
  6361 | D:8      | Reached skill level 9 in Axes
  6396 | D:7      | Reached * piety under Okawaru
  6705 | D:7      | Reached skill level 10 in Axes
  6842 | D:8      | Reached ** piety under Okawaru
  7253 | D:8      | Reached skill level 1 in Invocations
  7253 | D:8      | Reached skill level 1 in Evocations
  7331 | D:8      | Reached XP level 10. HP: 60/60 MP: 9/11
  7354 | D:8      | Slain by a komodo dragon

Illustrated notes

Levels and vault maps discovered:
D:1:      dpeg_arrival_boxes_within_box, layout_basic, serial_shops,
          nicolae_shop_window_shopping
D:2:      layout_loops_cross, dreamdust_wishing_well, nicolae_shop_unique_rings
D:3:      layout_loops_corners
D:4:      layout_loops_ring, old_standard_altar, minmay_cupped
D:5:      layout_basic, nzn_wu_jian_council_hall, serial_shops,
          nicolae_shop_statue_plus, nicolae_stop_n_shop_2, shop,
          nicolae_stop_n_shop_2, uniq_grinder
D:6:      layout_cave_pods, nicolae_hepliaklqana_hazy_memory,
          uniq_prince_ribbit1
D:7:      layout_basic, mainiacjoe_overflow_small_starburst,
          mainiacjoe_overflow_boulevard, doesnt_xom_only_xom,
          minmay_temple_entry_antechambers, serial_bayou_lagoon_b
D:8:      layout_cave_pools, erik_lair_dragon
Temple:   nicolae_temple_no_exploring_needed

Skill      XL: |  1  2  3  4  5  6  7  8  9 |
---------------+----------------------------+-----
Axes           | 2 5 8 10 | 10.7
Fighting       | 4 5 |  5.8
Shields        | 4 5 |  5.7
Armour         | 4 5 |  5.6
Invocations    | 1 |  1.6
Evocations     | 1 |  1.3

Action                   |  1- 3 |  4- 6 |  7- 9 | 10-12 || total
-------------------------+-------+-------+-------+-------++-------
Melee: War axe           |    76 |   205 |   283 |    18 ||   582
Evoke: Wand              |       |       |    12 |       ||    12
  Use: Potion            |       |     1 |     2 |     1 ||     4
       Scroll            |       |       |     6 |       ||     6
 Stab: Invisible         |       |       |     7 |     3 ||    10
Armor: Scale mail        |    52 |   135 |     4 |       ||   191
       Plate armour      |       |       |   151 |     6 ||   157
Dodge: Dodged            |    44 |    97 |   168 |     9 ||   318
Block: Buckler           |    12 |    44 |    69 |     6 ||   131

Table legend: (Time is in decaauts)
 A = Elapsed time spent in this place.
 B = Non-inter-level travel time spent in this place.
 C = Inter-level travel time spent in this place.
 D = Time resting spent in this place.
 E = Time spent auto-exploring this place.
 F = Levels seen in this place.
 G = Mean time per level.
                   A        B        C        D        E       F      G
               +--------+--------+--------+--------+--------+-----+--------+
         Total |   7555 |   6925 |    630 |    943 |   4330 |   9 |  839.4 |
       Dungeon |   7540 |   6910 |    630 |    943 |   4330 |   8 |  942.5 |
        Temple |     14 |     14 |      0 |      0 |      0 |   1 |   14.0 |
               +--------+--------+--------+--------+--------+-----+--------+

Top non-repeatable levels by time:
     D:7: 1422 daAuts
     D:6: 1276 daAuts
     D:3: 1000 daAuts
     D:4: 915 daAuts
     D:2: 804 daAuts
     D:1: 787 daAuts
     D:5: 690 daAuts
     D:8: 642 daAuts
  Temple: 14 daAuts
